[Event "Titled Tuesday Blitz August 22 Early 2023"]
[White "Arencibia Monduy, Antonio"]
[Black "Yurovskykh, Oleksandr"]
[WhiteFideId "3507939"]
[BlackFideId "14134020"]
[WhiteElo "2453"]
[BlackElo "2586"]
[Result "0-1"]
[Round "8"]
[TimeControl "180+1"]
[Date "2023.08.22"]
[WhiteClock "0:00:00"]
[BlackClock "0:00:09"]
[Board "84"]

1. e4 d5 2. exd5 Nf6 3. Nf3 Nxd5 4. d4 g6 5. Be2 Bg7 6. O-O O-O 7. c3 Nd7 8. Na3 b6 9. Re1 Bb7 10. Bg5 h6 11. Bd2 Kh7 12. Nc4 c5 13. Rc1 cxd4 14. cxd4 Rc8 15. b3 N7f6 16. Bd3 e6 17. h3 Qe7 18. Nfe5 Rc7 19. Bb1 Rfc8 20. Qe2 Kg8 21. a4 Ba8 22. Rcd1 Bb7 23. Qd3 Ba8 24. Qg3 a6 25. Re2 b5 26. axb5 axb5 27. Nxg6 fxg6 28. Ne5 g5 29. h4 Nf4 30. Bxf4 gxf4 31. Qxf4 Nd5 32. Qe4 Bxe5 33. dxe5 Nc3 34. Qg6+ Qg7 35. Qxe6+ Kh8 36. Re4 Nxe4 37. f3 Nc3 38. Rd7 Rxd7 39. Qf5 Rf8 40. Qh3 Bxf3 41. Kh2 Qxg2+ 42. Qxg2 Bxg2 43. Kxg2 Nxb1 0-1


[Site "https://www.chess.com"]

[Event "Titled Tuesday Blitz August 22 Early 2023"]
[White "NovoselovRoman"]
[Black "Zenin, Dmitry"]
[BlackFideId "4127897"]
[WhiteElo "2584"]
[BlackElo "2442"]
[Result "1-0"]
[Round "8"]
[TimeControl "180+1"]
[Date "2023.08.22"]
[WhiteClock "0:00:20"]
[BlackClock "0:00:03"]
[Board "85"]

1. e4 e5 2. Nf3 Nc6 3. Bc4 Bc5 4. d3 Nf6 5. Nc3 a6 6. Bg5 h6 7. Bh4 d6 8. Qd2 Bb4 9. a3 Bxc3 10. Qxc3 Bg4 11. Qb3 O-O 12. Qxb7 Na5 13. Qb4 Nxc4 14. Qxc4 Bxf3 15. gxf3 g5 16. Rg1 Kh7 17. Bg3 Nh5 18. O-O-O Qe7 19. d4 f6 20. Rd3 Ng7 21. h4 Ne6 22. hxg5 hxg5 23. c3 a5 24. Rdd1 Kg6 25. Rde1 Rab8 26. d5 Nc5 27. f4 Kf7 28. fxg5 fxg5 29. Qe2 Rh8 30. f3 a4 31. Rh1 Qf6 32. Bf2 Nb3+ 33. Kc2 Rxh1 34. Rxh1 Rh8 35. Rxh8 Qxh8 36. Be3 Kg6 37. Qg2 Qh5 38. Kd3 Qh4 39. Kc4 Nc5 40. Bxc5 dxc5 41. Kxc5 1-0


[Site "https://www.chess.com"]

[Event "Titled Tuesday Blitz August 22 Early 2023"]
[White "Herman, Daniel"]
[Black "Ezat, Mohamed"]
[WhiteFideId "30935008"]
[BlackFideId "10600906"]
[WhiteElo "2450"]
[BlackElo "2583"]
[Result "1-0"]
[Round "8"]
[TimeControl "180+1"]
[Date "2023.08.22"]
[WhiteClock "0:00:11"]
[BlackClock "0:00:00"]
[Board "86"]

1. Nf3 Nf6 2. e3 g6 3. b4 Bg7 4. Bb2 O-O 5. d4 d6 6. Be2 e5 7. dxe5 Nfd7 8. O-O Nc6 9. b5 Ncxe5 10. Nxe5 Nxe5 11. Nc3 c6 12. Rb1 d5 13. bxc6 bxc6 14. Na4 Re8 15. Nc5 Qa5 16. Bd4 Bf5 17. Rb7 Rad8 18. Qa1 f6 19. c4 dxc4 20. f4 Nd3 21. Bxf6 Bf8 22. Nxd3 cxd3 23. Bd1 Rb8 24. Bb3+ Be6 25. Rxb8 Bxb3 26. Rxe8 Bf7 27. Rxf8+ Kxf8 28. Qe5 Qxe5 29. fxe5 Bxa2 30. e6 Bxe6 31. Ra1 Bc4 32. Bc3 a6 33. Kf2 Kf7 34. Ke1 Ke6 35. Kd2 Kd5 36. Ra5+ c5 37. Bb4 Bb5 38. Bc3 Kc4 39. Ra1 Kb3 40. e4 Kc4 41. e5 Kd5 42. Re1 Ke6 43. Rf1 Bc4 44. Rf6+ Ke7 45. Rb6 Bb5 46. Bb2 Bc4 47. Ba3 Kd7 48. Bxc5 a5 49. Kc3 Bd5 50. Rd6+ Kc7 51. Rxd5 Kc6 52. Rxd3 Kxc5 53. e6 Kb5 54. e7 a4 55. e8=Q+ 1-0


[Site "https://www.chess.com"]

[Event "Titled Tuesday Blitz August 22 Early 2023"]
[White "Golubev, Mikhail"]
[Black "Biregina"]
[WhiteFideId "14100983"]
[WhiteElo "2575"]
[BlackElo "2419"]
[Result "1-0"]
[Round "8"]
[TimeControl "180+1"]
[Date "2023.08.22"]
[WhiteClock "0:00:09"]
[BlackClock "0:00:00"]
[Board "87"]

1. e4 d6 2. f4 c5 3. Nf3 Nc6 4. Nc3 Bg4 5. Be2 g6 6. O-O Bg7 7. d3 e6 8. Ng5 Bxe2 9. Nxe2 h6 10. Nf3 Nge7 11. d4 cxd4 12. Nexd4 Nxd4 13. Nxd4 Nc6 14. Nxc6 Qb6+ 15. Kh1 Qxc6 16. f5 Qxe4 17. fxg6 Qxg6 18. Qxd6 Rd8 19. Qc5 Bd4 20. Qb5+ Kf8 21. Qxb7 Rd5 22. c3 Rg8 23. Qb8+ Kg7 24. Qf4 Be5 25. Qf2 Bd6 26. Be3 Rf5 27. Qe2 Kh7 28. Rxf5 Qxf5 29. Rf1 Qe5 30. Rxf7+ Kg6 31. Rf4 Rf8 32. Qg4+ Kh7 33. g3 Qxe3 34. Rxf8 Qe1+ 35. Kg2 Bxf8 36. Qf4 1-0


[Site "https://www.chess.com"]

[Event "Titled Tuesday Blitz August 22 Early 2023"]
[White "Avazkhonov, Alikhon"]
[Black "Chyzy, Jakub"]
[WhiteFideId "14208504"]
[BlackFideId "21806209"]
[WhiteElo "2424"]
[BlackElo "2571"]
[Result "0-1"]
[Round "8"]
[TimeControl "180+1"]
[Date "2023.08.22"]
[WhiteClock "0:00:17"]
[BlackClock "0:00:27"]
[Board "88"]

1. d4 Nf6 2. c4 d6 3. Nc3 Nbd7 4. e4 e5 5. Nf3 Be7 6. g3 O-O 7. Bg2 c6 8. O-O a6 9. h3 b5 10. c5 Qc7 11. cxd6 Bxd6 12. dxe5 Nxe5 13. Nd4 Rd8 14. Qc2 c5 15. Ndxb5 axb5 16. Nxb5 Qb6 17. Nxd6 Qxd6 18. f4 Qd4+ 19. Kh2 Neg4+ 20. hxg4 Nxg4+ 21. Kh1 Ba6 22. Re1 Bd3 23. Qc3 Qf2 0-1


[Site "https://www.chess.com"]

[Event "Titled Tuesday Blitz August 22 Early 2023"]
[White "Bashirli, Saadat"]
[Black "Eynullayev, Altay"]
[WhiteFideId "13429990"]
[BlackFideId "13413562"]
[WhiteElo "2368"]
[BlackElo "2569"]
[Result "0-1"]
[Round "8"]
[TimeControl "180+1"]
[Date "2023.08.22"]
[WhiteClock "0:00:18"]
[BlackClock "0:00:05"]
[Board "89"]

1. d4 Nf6 2. e3 e6 3. f4 c5 4. c3 d5 5. Bd3 b6 6. Qe2 Bd6 7. Nf3 O-O 8. Nbd2 Bb7 9. Ne5 Qc8 10. O-O Ba6 11. b3 Bxd3 12. Qxd3 Qb7 13. Bb2 Nc6 14. Rac1 Ne7 15. Rfe1 Ne4 16. Nxe4 dxe4 17. Qb1 b5 18. Red1 Rfd8 19. h3 h5 20. dxc5 Bxc5 21. Rxd8+ Rxd8 22. Rd1 Bxe3+ 23. Kh1 Rxd1+ 24. Qxd1 Nf5 25. Qd8+ Kh7 26. g4 hxg4 27. hxg4 Ng3+ 28. Kg2 Bxf4 29. Qh4+ Kg8 30. Qd8+ Kh7 31. Qh4+ Bh6 32. Qxg3 e3+ 33. Qf3 Qc7 34. c4 bxc4 35. bxc4 Qb6 36. Qe2 Qb7+ 37. Nf3 Bf4 38. Bd4 Qe4 39. Bc3 g5 40. Bb2 f5 41. gxf5 exf5 42. Kf1 g4 43. Ne1 Qh1# 0-1


[Site "https://www.chess.com"]

[Event "Titled Tuesday Blitz August 22 Early 2023"]
[White "Ganiev, Roman"]
[Black "kaanadayhamle"]
[WhiteFideId "4131452"]
[WhiteElo "2569"]
[BlackElo "2356"]
[Result "1-0"]
[Round "8"]
[TimeControl "180+1"]
[Date "2023.08.22"]
[WhiteClock "0:00:04"]
[BlackClock "0:00:06"]
[Board "90"]

1. e4 c6 2. d4 d5 3. Nc3 dxe4 4. Nxe4 Bf5 5. Ng3 Bg6 6. Bc4 e6 7. N1e2 Bd6 8. h4 h5 9. Nf4 Bxf4 10. Bxf4 Nf6 11. c3 Nd5 12. Bg5 Qc7 13. Qd2 Nd7 14. O-O N7f6 15. Rfe1 O-O-O 16. a4 Nb6 17. Bb3 Nbd5 18. c4 Ne7 19. Bf4 Qd7 20. Qa5 b6 21. Qe5 Qb7 22. a5 bxa5 23. Ba4 Ng4 24. Qxa5 Qb6 25. Qc3 Qxd4 26. Qf3 Kb7 27. b4 e5 28. Bg5 f6 29. Be3 e4 30. Bxd4 exf3 31. Rxe7+ Kc8 32. Bc5 fxg2 33. Bxc6 Ne5 34. Bb7+ 1-0


[Site "https://www.chess.com"]

[Event "Titled Tuesday Blitz August 22 Early 2023"]
[White "Skaric, Djuro"]
[Black "Shukhman, Anna"]
[WhiteFideId "934569"]
[BlackFideId "54180058"]
[WhiteElo "2349"]
[BlackElo "2567"]
[Result "1-0"]
[Round "8"]
[TimeControl "180+1"]
[Date "2023.08.22"]
[WhiteClock "0:00:17"]
[BlackClock "0:00:04"]
[Board "91"]

1. g3 Nf6 2. Bg2 g6 3. d3 Bg7 4. Nc3 O-O 5. e4 d6 6. f4 c5 7. Nf3 Nc6 8. O-O a6 9. a4 Rb8 10. h3 b5 11. axb5 axb5 12. g4 b4 13. Ne2 c4 14. Ng3 Qb6+ 15. d4 e5 16. fxe5 dxe5 17. Be3 Rd8 18. c3 Bxg4 19. Qd2 Bxf3 20. d5 bxc3 21. bxc3 Qc7 22. Rxf3 Nxe4 23. Nxe4 f5 24. Nc5 Ne7 25. Ne6 Qd6 26. Nxd8 Rxd8 27. Qf2 e4 28. Bc5 Qxd5 29. Bxe7 Re8 30. Bb4 exf3 31. Qxf3 Qxf3 32. Bxf3 Bf6 33. Bd5+ Kg7 34. Ra7+ Kh6 35. Rc7 Re3 36. Rc8 Bxc3 37. Bxc3 Rxc3 38. Kg2 Rc2+ 39. Kg3 c3 40. Rc7 Kg5 41. Rxh7 f4+ 42. Kf3 Rc1 43. Rc7 c2 44. h4+ Kxh4 45. Kg2 Kg5 46. Be4 Re1 47. Bxc2 Re2+ 48. Kf3 Re3+ 49. Kf2 Re6 50. Rc4 Rd6 51. Be4 Kg4 52. Bf3+ Kg5 53. Rc5+ Kf6 54. Be4 g5 55. Kf3 Rd1 56. Rf5+ Ke6 57. Rxg5 Rf1+ 58. Ke2 Ra1 59. Bd3 Ra3 60. Kd2 Ra2+ 61. Kc3 f3 62. Kd4 Ra4+ 63. Ke3 Kf6 64. Rf5+ Ke6 65. Rxf3 Ra3 66. Kd4 Ra4+ 67. Bc4+ Ke7 68. Rf7+ Ke8 69. Rh7 Ra1 70. Bd5 Re1 71. Kc5 Kf8 72. Kd6 Rd1 73. Rf7+ Ke8 74. Rg7 Rf1 75. Rg8+ Rf8 76. Rg7 Rf1 77. Rb7 Rf2 78. Rb8# 1-0


[Site "https://www.chess.com"]

[Event "Titled Tuesday Blitz August 22 Early 2023"]
[White "Chor, Kevin"]
[Black "Juicy_Fork"]
[WhiteFideId "2090740"]
[WhiteElo "2561"]
[BlackElo "2347"]
[Result "1-0"]
[Round "8"]
[TimeControl "180+1"]
[Date "2023.08.22"]
[WhiteClock "0:00:22"]
[BlackClock "0:00:00"]
[Board "92"]

1. d4 Nf6 2. Nf3 g6 3. g3 Bg7 4. Bg2 O-O 5. O-O d6 6. b3 c5 7. Bb2 cxd4 8. Nxd4 a6 9. c4 e5 10. Nc2 Re8 11. Nc3 Be6 12. Bxb7 Ra7 13. Bg2 Qd7 14. Nb4 Bh3 15. Nbd5 Nc6 16. Nb6 Qc7 17. Ncd5 Nxd5 18. Nxd5 Qd7 19. Nb6 Qc7 20. Bxh3 Qxb6 21. Qxd6 Rd8 22. Qa3 Rd2 23. Bc3 Rxe2 24. Rae1 Rc2 25. b4 Nd4 26. c5 Nf3+ 27. Kh1 Qb5 28. Rc1 Qd3 29. Bb2 Qxa3 30. Bxa3 Rxa2 31. c6 1-0


[Site "https://www.chess.com"]

[Event "Titled Tuesday Blitz August 22 Early 2023"]
[White "Lacasa Diaz, Jose Antonio"]
[Black "To, Nhat Minh"]
[WhiteFideId "2203375"]
[BlackFideId "729019"]
[WhiteElo "2315"]
[BlackElo "2558"]
[Result "1/2-1/2"]
[Round "8"]
[TimeControl "180+1"]
[Date "2023.08.22"]
[WhiteClock "0:00:09"]
[BlackClock "0:00:07"]
[Board "93"]

1. e4 c5 2. Nf3 d6 3. d4 cxd4 4. Nxd4 Nf6 5. Nc3 a6 6. Be3 Ng4 7. Bg5 h6 8. Bc1 Nf6 9. Bc4 e6 10. Be3 b5 11. Bb3 b4 12. Na4 Nxe4 13. O-O d5 14. f4 Bd6 15. c4 bxc3 16. Nxc3 Nxc3 17. bxc3 Nd7 18. f5 Nf6 19. fxe6 fxe6 20. c4 O-O 21. cxd5 Nxd5 22. Bxd5 exd5 23. Qh5 Bc5 24. Rxf8+ Bxf8 25. Rf1 Kh8 26. Rf7 Qe8 27. Qf3 Bd7 28. h3 Rb8 29. Nb3 Be6 30. Ra7 Qa4 31. Qg3 Re8 32. Bd4 Bd7 33. Qg6 Re6 34. Qf7 Re1+ 35. Kf2 Re7 36. Qxf8+ Kh7 37. Qxe7 Qxa2+ 38. Kg1 Qb1+ 39. Kh2 Qg6 40. Qe3 Bf5 41. Qg3 Be4 42. Qxg6+ Kxg6 43. Rxg7+ Kf5 44. Ra7 Bc2 45. Rxa6 Bxb3 46. Rb6 Ke4 47. Rb4 Bc4 48. Bg7 Kd3 49. Bxh6 Kc2 50. Rb8 d4 51. Rd8 d3 52. Rxd3 Bxd3 53. Bg5 Bg6 54. Kg3 Kd3 55. Kf4 Kd4 56. g4 Kd5 57. h4 Ke6 58. h5 Bc2 59. Bd8 Bd1 60. Kg5 Kf7 61. Bb6 Kg7 62. Bd4+ Kh7 63. Be5 Be2 64. Kf5 Bd3+ 65. Kf6 Be2 66. Kg5 Bd1 67. Bc3 Be2 68. Kh4 Bd1 69. g5 Bc2 70. Kg4 Bd1+ 71. Kh4 Bc2 72. Kg3 Bd1 73. g6+ Kh6 74. g7 Kh7 75. Kh4 Bb3 76. Kg5 Bg8 77. h6 Ba2 78. Bd4 Bg8 79. Bc3 Ba2 80. Bd4 Bg8 81. Bc3 1/2-1/2


[Site "https://www.chess.com"]

[Event "Titled Tuesday Blitz August 22 Early 2023"]
[White "Acosta Cruz, Oscar Yosimar"]
[Black "Willy, Stephen"]
[WhiteFideId "5111269"]
[BlackFideId "30981468"]
[WhiteElo "2298"]
[BlackElo "2556"]
[Result "0-1"]
[Round "8"]
[TimeControl "180+1"]
[Date "2023.08.22"]
[WhiteClock "0:00:00"]
[BlackClock "0:00:05"]
[Board "94"]

1. d4 d5 2. c4 e6 3. Nc3 c5 4. cxd5 cxd4 5. Qa4+ Bd7 6. Qxd4 exd5 7. Qxd5 Nf6 8. Qxb7 Nc6 9. Bf4 Bb4 10. Rd1 O-O 11. g3 Qa5 12. Qc7 Qxa2 13. Bc1 Rac8 14. Qf4 Nd5 15. Rxd5 Qxd5 16. Nf3 Rfd8 17. Bg2 Bxc3+ 18. bxc3 Bh3 19. O-O Bxg2 20. Kxg2 f6 21. e4 Qc4 22. Qf5 Re8 23. Qd5+ Qxd5 24. exd5 Ne5 25. Nxe5 Rxe5 26. Rd1 Rd8 27. c4 Kf7 28. Be3 a5 29. Kf3 Rc8 30. c5 Ke7 31. c6 Kd6 32. Bf4 a4 33. Bxe5+ fxe5 34. Ke3 Rb8 35. Ra1 Rb4 36. Rc1 Rb8 37. Ra1 Kxd5 38. Rxa4 Kxc6 39. Ra7 Rg8 40. Ke4 Kd6 41. Ra6+ Ke7 42. Kxe5 Kf7 43. Ra7+ Kg6 44. Ra6+ Kf7 45. h4 Re8+ 46. Kf4 Re2 47. f3 Rc2 48. Ra4 Kf6 49. Ra6+ Kf7 50. Kg4 Rc3 51. f4 g6 52. Ra7+ Kg8 53. Rd7 h5+ 54. Kg5 Rxg3+ 55. Kh6 Rg4 56. Rg7+ Kf8 57. Rxg6 Rxh4 0-1


[Site "https://www.chess.com"]

[Event "Titled Tuesday Blitz August 22 Early 2023"]
[White "Portela Peleteiro, Alberto"]
[Black "Balint, Vilmos"]
[WhiteFideId "22276106"]
[BlackFideId "718050"]
[WhiteElo "2551"]
[BlackElo "2258"]
[Result "1-0"]
[Round "8"]
[TimeControl "180+1"]
[Date "2023.08.22"]
[WhiteClock "0:00:29"]
[BlackClock "0:01:28"]
[Board "95"]

1. e4 e6 2. Nc3 d5 3. Nf3 Nc6 4. d4 dxe4 5. Nxe4 Be7 6. c3 Nf6 7. Bd3 O-O 8. Qe2 g6 9. h4 b6 10. h5 Qd5 11. hxg6 fxg6 12. Bh6 Re8 13. Nfg5 a6 14. Kf1 b5 15. Re1 e5 16. Bc2 Na5 17. Nxf6+ Bxf6 18. Be4 Qd8 19. Bxa8 Bxg5 20. Bxg5 Qxg5 21. Bd5+ Kg7 22. dxe5 c6 23. Bf3 Be6 24. Qe3 Qf5 25. Qa7+ Bf7 26. b3 Rxe5 27. Qd4 Kf6 28. Rxh7 Be6 29. Bg4 c5 30. Qxe5+ Qxe5 31. Rxe5 Kxe5 32. Re7 Kf4 33. Bxe6 Nc6 1-0


[Site "https://www.chess.com"]

[Event "Titled Tuesday Blitz August 22 Early 2023"]
[White "Shimanov, Aleksandr"]
[Black "le-castor-faineant"]
[WhiteFideId "4198603"]
[WhiteElo "2917"]
[BlackElo "2269"]
[Result "1-0"]
[Round "8"]
[TimeControl "180+1"]
[Date "2023.08.22"]
[WhiteClock "0:00:11"]
[BlackClock "0:00:03"]
[Board "96"]

1. d4 Nf6 2. c4 g6 3. Nc3 Bg7 4. e4 d6 5. Be2 O-O 6. h4 h5 7. f3 c5 8. d5 Nbd7 9. Nh3 Ne5 10. Ng5 a6 11. a4 Rb8 12. Be3 Bd7 13. O-O Nh7 14. Qd2 Nxg5 15. hxg5 Kh7 16. Kf2 f5 17. gxf6 exf6 18. g4 hxg4 19. Rh1+ Kg8 20. f4 Nf3 21. Bxf3 gxf3 22. Kxf3 f5 23. Rag1 Be8 24. e5 dxe5 25. fxe5 f4 26. Bxc5 Rf5 27. e6 b5 28. Bd4 bxc4 29. Bxg7 Kxg7 30. Qh2 Kf6 31. Qh8+ Ke7 32. Rh7+ Kd6 33. Qd4 Re5 34. Ne4+ Rxe4 35. Kxe4 g5 36. Qe5+ Kc5 37. Rc7+ Kb6 38. a5+ Kxa5 39. Ra1+ Kb6 40. Rxc4 Bb5 41. Qd4+ Kb7 42. Rc5 Qb6 43. Rac1 Re8 44. Rc7+ Qxc7 45. Rxc7+ Kxc7 46. Qc5+ Kb7 47. Qd4 g4 48. Qg7+ Kb6 49. Qxg4 Rd8 50. Qxf4 Bc4 51. Qe5 Bxd5+ 52. Qxd5 Rxd5 53. Kxd5 Kc7 54. Ke5 Kd8 55. Kf6 Ke8 56. e7 a5 57. b3 a4 58. bxa4 Kd7 59. Kf7 1-0


[Site "https://www.chess.com"]

[Event "Titled Tuesday Blitz August 22 Early 2023"]
[White "Warchol, Kamil"]
[Black "Tahbaz, Arash"]
[WhiteFideId "21858241"]
[BlackFideId "12528846"]
[WhiteElo "2500"]
[BlackElo "2877"]
[Result "0-1"]
[Round "8"]
[TimeControl "180+1"]
[Date "2023.08.22"]
[WhiteClock "0:00:17"]
[BlackClock "0:01:39"]
[Board "97"]

1. e4 g6 2. d4 Bg7 3. Nc3 d6 4. Be3 Nd7 5. Qd2 a6 6. g4 b5 7. h4 h6 8. f3 Bb7 9. h5 g5 10. Nge2 Rc8 11. Ng3 e6 12. f4 gxf4 13. Bxf4 Ngf6 14. g5 b4 15. Nd1 Nxe4 16. Nxe4 Bxe4 17. Rg1 hxg5 18. Bxg5 Bf6 19. Nf2 Bh7 20. Bxa6 Rb8 21. Be2 Rg8 22. Nh3 Bf5 23. Bf1 Bxh3 24. Bxf6 Nxf6 25. Rxg8+ Nxg8 26. O-O-O 0-1


[Site "https://www.chess.com"]

[Event "Titled Tuesday Blitz August 22 Early 2023"]
[White "Hoang, Thi Bao Tram"]
[Black "DeyanKostov"]
[WhiteFideId "12401102"]
[WhiteElo "2683"]
[BlackElo "2473"]
[Result "1-0"]
[Round "8"]
[TimeControl "180+1"]
[Date "2023.08.22"]
[WhiteClock "0:00:12"]
[BlackClock "0:00:05"]
[Board "98"]

1. d4 d5 2. Nf3 Nf6 3. g3 Bf5 4. Bg2 e6 5. c4 c6 6. Qb3 Qb6 7. Nc3 Nbd7 8. O-O h6 9. Na4 Qxb3 10. axb3 b5 11. cxb5 cxb5 12. Nc3 Bb4 13. Nxb5 Ke7 14. Bf4 g5 15. Bd2 a5 16. Rfc1 Rhb8 17. Na3 Ne4 18. Be3 Kd6 19. Nc2 Rc8 20. Nxb4 axb4 21. Ne1 Rxc1 22. Rxc1 Nef6 23. Bd2 Rb8 24. Ra1 Ne4 25. Bxe4 Bxe4 26. Ra4 Rb6 27. f3 Bg6 28. Kf2 Nb8 29. Rxb4 Rxb4 30. Bxb4+ Kc6 31. g4 Nd7 32. Kg3 h5 33. gxh5 Bxh5 34. Nd3 f6 35. Be7 Bg6 36. Nc5 Nxc5 37. dxc5 f5 38. b4 g4 39. fxg4 fxg4 40. Kxg4 e5 41. Kg5 Bh7 42. h4 d4 43. Bf6 Kd5 44. Kh6 Bf5 45. Kg5 Bh7 46. h5 e4 47. Kf4 d3 48. exd3 exd3 49. Ke3 Kc6 50. Bc3 Kb5 51. Kf4 Bg8 52. Kg5 Bh7 53. h6 Be4 54. Kf6 Bh7 55. Kg7 Be4 56. h7 1-0


[Site "https://www.chess.com"]

[Event "Titled Tuesday Blitz August 22 Early 2023"]
[White "GaiozNigalidze"]
[Black "Mmukka"]
[WhiteElo "2676"]
[BlackElo "2470"]
[Result "1-0"]
[Round "8"]
[TimeControl "180+1"]
[Date "2023.08.22"]
[WhiteClock "0:00:50"]
[BlackClock "0:00:02"]
[Board "99"]

1. d4 d5 2. c4 e6 3. Nc3 dxc4 4. Nf3 a6 5. e3 Nf6 6. Bxc4 c5 7. a4 Be7 8. O-O Nc6 9. Ba2 O-O 10. Re1 Nb4 11. Bb1 cxd4 12. exd4 b6 13. Bg5 Bb7 14. Ne5 h6 15. Bxh6 Nbd5 16. Bg5 Nxc3 17. bxc3 Rc8 18. Qd3 Qd5 19. f3 Rfd8 20. Ba2 Qa5 21. Nxf7 Bd5 22. Nxd8 Bxa2 23. Bxf6 Bxf6 24. Rxa2 Rxd8 25. Rxe6 Qd5 26. Rae2 b5 27. Qg6 Rf8 28. Re8 Bxd4+ 29. Kf1 Bc5 30. Rxf8+ Bxf8 31. Qe6+ Qxe6 32. Rxe6 bxa4 33. Rxa6 a3 34. Kf2 Kf7 35. Ke2 Ke8 36. Kd3 Kd7 37. Kd4 Kc7 38. c4 g5 39. c5 Kb7 40. Rxa3 Kc6 41. Ra6+ Kb5 42. Rb6+ Ka5 43. Kd5 Be7 44. g4 Bd8 45. Rb7 Bf6 46. c6 Bd8 47. h3 Bf6 48. c7 1-0


[Site "https://www.chess.com"]

[Event "Titled Tuesday Blitz August 22 Early 2023"]
[White "Agibileg, Uurtsaikh"]
[Black "Szyszylo, Rafal"]
[WhiteFideId "4901606"]
[BlackFideId "1109626"]
[WhiteElo "2623"]
[BlackElo "2456"]
[Result "0-1"]
[Round "8"]
[TimeControl "180+1"]
[Date "2023.08.22"]
[WhiteClock "0:00:00"]
[BlackClock "0:00:02"]
[Board "100"]

1. d4 d6 2. Nf3 Nf6 3. c4 g6 4. Nc3 Bg7 5. e4 O-O 6. Be2 Na6 7. O-O e5 8. Be3 c6 9. d5 c5 10. Ne1 Ne8 11. g4 f5 12. gxf5 gxf5 13. exf5 Bxf5 14. Kh1 Qh4 15. Rg1 Qe7 16. Nf3 Kh8 17. Ng5 Bf6 18. Nge4 Rg8 19. Rxg8+ Kxg8 20. Bg4 Bg6 21. Be6+ Kh8 22. Qg4 Ng7 23. Rg1 Rf8 24. Bh6 Nc7 25. Nxf6 Qxf6 26. Bg5 Qxf2 27. Be7 Qf3+ 28. Qxf3 Rxf3 29. Bxd6 Ncxe6 30. dxe6 Nxe6 31. Bxe5+ Kg8 32. Ne4 b6 33. Bc3 Kf7 34. Re1 Bxe4 35. Rxe4 Rf4 36. Rxf4+ Nxf4 37. b3 Ke6 38. Bd2 Kf5 39. Kg1 Ke4 40. Kf2 Ne6 41. Bc3 Kd3 42. Be5 Kc2 43. Bb8 a6 44. Ba7 b5 45. cxb5 axb5 46. a4 bxa4 47. bxa4 Kb3 48. a5 c4 49. Be3 Nc7 50. Kg3 c3 51. Kg4 c2 52. Kh5 Ka4 53. Bd2 c1=Q 0-1


[Site "https://www.chess.com"]

[Event "Titled Tuesday Blitz August 22 Early 2023"]
[White "Sipila, Vilka"]
[Black "Womacka, Mathias"]
[WhiteFideId "505455"]
[BlackFideId "4611390"]
[WhiteElo "2621"]
[BlackElo "2455"]
[Result "1-0"]
[Round "8"]
[TimeControl "180+1"]
[Date "2023.08.22"]
[WhiteClock "0:02:36"]
[BlackClock "0:01:37"]
[Board "101"]

1. Nc3 c5 2. Nf3 d5 3. d4 cxd4 4. Qxd4 Nf6 5. Bg5 Nc6 6. Qf4 e6 7. O-O-O Bd6 8. Qh4 h6 9. e4 O-O 10. Bxf6 Qxf6 11. Qxf6 gxf6 12. exd5 Ne5 13. dxe6 Nxf3 14. Rxd6 Ne5 15. f4 Ng4 16. e7 Re8 17. Rd8 Be6 18. Rxa8 Rxa8 19. Bb5 1-0


[Site "https://www.chess.com"]

[Event "Titled Tuesday Blitz August 22 Early 2023"]
[White "Arat, Ufuk Sezen"]
[Black "Sai Han Thiha"]
[WhiteFideId "6309089"]
[BlackFideId "13012290"]
[WhiteElo "2604"]
[BlackElo "2451"]
[Result "1/2-1/2"]
[Round "8"]
[TimeControl "180+1"]
[Date "2023.08.22"]
[WhiteClock "0:01:35"]
[BlackClock "0:00:08"]
[Board "102"]

1. e4 c6 2. d4 d5 3. e5 c5 4. dxc5 e6 5. Nf3 Bxc5 6. a3 Nd7 7. b4 Be7 8. Bb2 Nh6 9. Bd3 a5 10. b5 Nc5 11. Nc3 a4 12. Qe2 Nxd3+ 13. cxd3 Nf5 14. g4 Nh4 15. Nxh4 Bxh4 16. O-O-O Bd7 17. f4 Rc8 18. d4 Be7 19. Kb1 Qa5 20. Rc1 Bxa3 21. Bxa3 Rxc3 22. Rxc3 Qxc3 23. Qb2 Qxb2+ 24. Kxb2 Bxb5 25. Rc1 Bc4 26. Kc3 h5 27. g5 h4 28. Rb1 Bb3 29. Kb4 Kd7 30. Kb5 Rc8 31. Bc5 Rc6 32. Ra1 Ra6 33. Ba3 Bc4+ 34. Kc5 b6+ 35. Kb4 Ra5 36. Kc3 Rb5 37. Bb4 Bb3 38. Ra3 h3 39. Ra1 Kc6 40. Re1 g6 41. Re3 Bc4 42. Rxh3 a3 43. Re3 a2 44. Re1 Kb7 45. h4 Kc8 46. Ra1 Kd7 47. Rg1 Ke8 48. Ra1 Kd7 49. Re1 Ke8 50. Ra1 Kd7 1/2-1/2


[Site "https://www.chess.com"]

[Event "Titled Tuesday Blitz August 22 Early 2023"]
[White "Zeck_CH"]
[Black "Shahaliyev, Ismayil"]
[BlackFideId "13406388"]
[WhiteElo "2449"]
[BlackElo "2587"]
[Result "0-1"]
[Round "8"]
[TimeControl "180+1"]
[Date "2023.08.22"]
[WhiteClock "0:00:05"]
[BlackClock "0:00:31"]
[Board "103"]

1. e4 c5 2. Nf3 d6 3. g3 Nc6 4. Bg2 Nf6 5. Qe2 Qc7 6. O-O g6 7. c3 Bg7 8. h3 O-O 9. d4 e5 10. dxe5 dxe5 11. Na3 Na5 12. Bg5 Be6 13. b3 a6 14. Nc2 Nd7 15. Rfd1 b5 16. Kh2 Nb6 17. Bd2 Rad8 18. Ne3 c4 19. Ng5 Bc8 20. b4 Nc6 21. a4 h6 22. axb5 axb5 23. Nf3 Nd4 24. cxd4 exd4 25. Nd5 Nxd5 26. exd5 Rfe8 27. Qf1 Rxd5 28. Bf4 Qd8 29. Re1 g5 30. Rxe8+ Qxe8 31. Re1 Be6 32. Bc1 d3 33. h4 Qd8 34. hxg5 hxg5 35. Nxg5 Rxg5 36. Bxg5 Qxg5 37. f4 Qh5+ 38. Kg1 Bd4+ 0-1


[Site "https://www.chess.com"]

[Event "Titled Tuesday Blitz August 22 Early 2023"]
[White "Rosen, Eric"]
[Black "Carroll, Thomas"]
[WhiteFideId "2032562"]
[BlackFideId "450111"]
[WhiteElo "2583"]
[BlackElo "2445"]
[Result "1-0"]
[Round "8"]
[TimeControl "180+1"]
[Date "2023.08.22"]
[WhiteClock "0:01:00"]
[BlackClock "0:00:28"]
[Board "104"]

1. e4 e6 2. d4 d5 3. e5 Ne7 4. Nf3 Nd7 5. Bd3 f6 6. Bf4 fxe5 7. Nxe5 Nf6 8. Bg5 Neg8 9. Nd2 c6 10. O-O Bd7 11. f4 Bd6 12. Qf3 Qc7 13. Rae1 O-O-O 14. Nf7 Ne7 15. Nxh8 Rxh8 16. c4 Nf5 17. Bxf5 exf5 18. Bxf6 gxf6 19. c5 Bf8 20. Qh5 b6 21. b4 bxc5 22. bxc5 Qa5 23. Nf3 Rg8 24. Qf7 Rh8 25. Qxf6 Rg8 26. Qf7 Rh8 27. Ne5 Qc7 28. Nxd7 Qxd7 29. Re8+ Kc7 30. Rxf8 1-0


[Site "https://www.chess.com"]

[Event "Titled Tuesday Blitz August 22 Early 2023"]
[White "Ribeiro, Matheus Mendes Domingues"]
[Black "Balla, Tamas-Kristof"]
[WhiteFideId "324226923"]
[BlackFideId "1208497"]
[WhiteElo "2562"]
[BlackElo "2448"]
[Result "1-0"]
[Round "8"]
[TimeControl "180+1"]
[Date "2023.08.22"]
[WhiteClock "0:00:26"]
[BlackClock "0:00:00"]
[Board "105"]

1. c4 c5 2. Nf3 Nc6 3. Nc3 g6 4. e3 Nf6 5. d4 cxd4 6. exd4 d5 7. cxd5 Nxd5 8. Bc4 Nxc3 9. Qb3 e6 10. bxc3 Bd7 11. Bd3 Bg7 12. Ba3 Ne7 13. O-O O-O 14. Be4 Bc6 15. Bxc6 bxc6 16. Qc4 Re8 17. Bxe7 Qxe7 18. Rab1 Rac8 19. Qa6 c5 20. Rb7 Rc7 21. Rfb1 cxd4 22. cxd4 Rec8 23. h3 Qd8 24. Qxa7 Rxb7 25. Rxb7 Rc1+ 26. Kh2 Qd6+ 27. g3 Qd5 28. Qa8+ Bf8 29. Rb8 Qxa8 30. Rxa8 Kg7 31. Kg2 Ra1 32. Ra7 Bd6 33. Ng5 1-0


[Site "https://www.chess.com"]

[Event "Titled Tuesday Blitz August 22 Early 2023"]
[White "Begunov, Konstantin"]
[Black "Martinez Reyes, Pedro Ramon"]
[WhiteFideId "4118510"]
[BlackFideId "3901807"]
[WhiteElo "2441"]
[BlackElo "2553"]
[Result "0-1"]
[Round "8"]
[TimeControl "180+1"]
[Date "2023.08.22"]
[WhiteClock "0:00:07"]
[BlackClock "0:01:19"]
[Board "106"]

1. d4 Nf6 2. c4 c5 3. Nf3 cxd4 4. Nxd4 e5 5. Nb5 d5 6. cxd5 Bc5 7. d6 O-O 8. Nc7 Nc6 9. Nxa8 Bxd6 10. Nc3 Bf5 11. e3 Nb4 12. Nb5 Nc2+ 13. Ke2 Nxa1 14. Qxd6 Qxa8 15. Qxe5 Qc8 16. Nc3 Re8 17. Qf4 Ne4 18. Bd2 Qc4+ 19. Kf3 Nxd2+ 20. Kg3 Nxf1+ 21. Rxf1 Qxf1 22. Qxf5 Qc4 23. Nd5 Qe4 24. Qd7 Qe6 25. Qxb7 h5 26. Nf4 Qg4# 0-1


[Site "https://www.chess.com"]